AoeStats
← feely

Arena

508825811Analyzed
4v4 RM · 8d ago on Sep 24, 2026· 39m 24s· 8 players
Game mode
Random Map
Map size
Large (8 player)
Population
200
Speed
Normal
Resources
Standard
Victory
Conquest
Starting age
Dark Age
Ending age
Imperial Age
RankedLock teamsTeams togetherTeam positionsShared explorationLock speedFull tech treeHidden civsTurbo modeCheats
Victory
Defeat
🇨🇳 Vietnamese · China
1440
+14
🇹🇼 Cumans · Taiwan
1434
+14
🇨🇳 Slavs · China
1384
+16
🇮🇳 Dravidians · India
1354
+17
🇳🇿 Bengalis · New Zealand
1485
-18
🇳🇿 Varangians · New Zealand
1476
-19
🇦🇺 Danes · Australia
1385
-15
🇳🇿 Saxons · New Zealand
1211
-9
萱你在吗
10:31 Feudal Age
14:24 Castle Age
13:04 Double-Bit Axe
13:01 Horse Collar
15:26 Bow Saw
19:07 Heavy Plow
19:23 Gold Mining
21:11 Stone Mining
23:22 Gold Shaft Mining
24:07 Scale Barding Armor
25:06 Bloodlines
25:03 Loom
25:59 Wheelbarrow
25:34 Husbandry
25:56 Chain Barding Armor
25:27 Man-at-Arms
26:10 Long Swordsman
26:51 Squires
27:47 Hand Cart
30:41 Imperial Age
27:49 Light Cavalry
29:28 Forging
30:56 Masonry
31:25 Iron Casting
30:51 Scale Mail Armor
30:14 Long Swordsman
30:55 Squires
31:35 Druzhina
31:38 Detinets
31:59 Conscription
31:00 Elite Boyar
32:21 Plate Barding Armor
32:29 Crop Rotation
33:02 Two-Man Saw
33:17 Blast Furnace
32:16 Elite Boyar
33:57 Chain Mail Armor
36:49 Chemistry
36:17 Hussar
36:28 Capped Ram
38:00 Siege Ram
snek_fan
10:29 Feudal Age
14:11 Castle Age
12:17 Horse Collar
15:03 Fletching
18:23 Bodkin Arrow
19:21 Gold Mining
21:19 Loom
22:32 Double-Bit Axe
24:18 Padded Archer Armor
26:21 Wheelbarrow
26:29 Stone Mining
30:41 Town Watch
36:05 Imperial Age
34:28 Leather Archer Armor
35:19 Bow Saw
35:11 Heavy Plow
35:20 Husbandry
36:11 Thumb Ring
37:08 Ballistics
37:13 Bracer
38:38 Ring Archer Armor
38:21 Masonry
feely
8:29 Feudal Age
8:33 Loom
9:22 Double-Bit Axe
12:47 Horse Collar
20:14 Castle Age
19:23 Wheelbarrow
19:22 Gold Mining
19:52 Scale Barding Armor
19:53 Stone Mining
20:42 Bloodlines
21:24 Bow Saw
22:18 Chain Barding Armor
23:31 Forging
23:24 Town Watch
25:50 Capped Ram
27:49 Hand Cart
33:06 Imperial Age
31:29 Gold Shaft Mining
34:26 Plate Barding Armor
33:12 Cavalier
34:56 Paladin
38:38 Iron Casting
38:40 Onager
38:47 Light Cavalry
6988
11:02 Feudal Age
14:51 Castle Age
12:46 Double-Bit Axe
13:59 Loom
16:24 Bow Saw
19:57 Fletching
24:16 Bodkin Arrow
30:00 Padded Archer Armor
30:07 Horse Collar
30:41 Heavy Plow
32:07 Wheelbarrow
33:49 Ballistics
34:09 Gold Mining
34:09 Stone Mining
36:54 Leather Archer Armor
39:12 Imperial Age
36:58 Hand Cart
37:06 Elite Skirmisher
37:55 Thumb Ring
39:08 Town Watch
NADOLEAN
10:13 Feudal Age
11:58 Loom
14:42 Castle Age
22:02 Double-Bit Axe
22:10 Horse Collar
25:02 Redemption
30:25 Heavy Plow
31:33 Scale Mail Armor
36:00 Imperial Age
34:10 Masonry
34:44 Bow Saw
37:14 Northmen's Fury
39:09 Chemistry
38:17 Onager
Raez
10:26 Feudal Age
14:07 Castle Age
12:37 Double-Bit Axe
12:33 Horse Collar
15:23 Bow Saw
20:19 Wheelbarrow
20:29 Fletching
20:52 Heavy Plow
21:15 Town Watch
23:45 Bodkin Arrow
24:01 Gold Mining
25:25 Loom
28:42 Imperial Age
26:50 Hand Cart
26:37 Padded Archer Armor
27:05 Ballistics
28:58 Leather Archer Armor
30:12 Siege Engineers
30:20 Siege Engineers
32:15 Chemistry
32:26 Bracer
32:50 Stone Mining
33:38 Ring Archer Armor
34:11 Elite Elephant Archer
35:35 Conscription
35:25 Paiks
36:56 Two-Man Saw
36:27 Crop Rotation
37:01 Murder Holes
38:37 Gold Shaft Mining
38:24 Masonry
40:13 Architecture
Wekawekawooo
10:20 Feudal Age
14:27 Castle Age
12:44 Double-Bit Axe
15:35 Bow Saw
17:01 Loom
20:34 Horse Collar
22:15 Heavy Plow
24:42 Town Watch
25:33 Wheelbarrow
26:26 Scale Barding Armor
26:29 Gold Mining
27:22 Hand Cart
27:55 Forging
28:54 Chain Barding Armor
31:05 Iron Casting
31:49 Stone Mining
35:42 Imperial Age
34:11 Fletching
35:13 Bodkin Arrow
37:02 Plate Barding Armor
37:02 Conscription
39:28 Blast Furnace
38:40 Bloodlines
38:31 Husbandry
38:30 Light Cavalry
Neuntote
6:12 Loom
10:49 Feudal Age
12:33 Double-Bit Axe
15:31 Wheelbarrow
14:46 Horse Collar
19:33 Castle Age
19:40 Elite Skirmisher
26:38 Fletching
27:34 Padded Archer Armor
Connection lost

Rejoining the realm…

Still unreachable

The connection could not be restored.

Session expired

The server has moved on; the page needs a fresh start.